 Dungeon Crawl Stone Soup version 0.26.1-11-gd32895ea62 (webtiles) character file.

Game seed: 2136488114848539645

553 Elvor the Grasshopper (level 7, -7/56 HPs)
             Began as a Gnoll Warper on June 28, 2021.
             Mangled by Pikel
             ... wielding a +0 whip of electrocution
              (11 damage)
             ... on level 5 of the Dungeon.
             The game lasted 00:53:58 (5250 turns).

Elvor the Grasshopper (Gnoll Warper)                Turns: 5250, Time: 00:53:58

Health: -7/56      AC:  5    Str: 15    XL:     7   Next: 29%
Magic:  7/15       EV: 14    Int: 16    God:
Gold:   158        SH:  0    Dex: 14    Spells: 8/17 levels left

rFire    . . .     SeeInvis .   a - +0 flail
rCold    . . .     Faith    .   (no shield)
rNeg     + . .     Spirit   .   b - +0 leather armour
rPois    .         Reflect  .   A - +0 helmet
rElec    .         Harm     .   G - +0 cloak
rCorr    .         Rampage  .   (no gloves)
Will     +++..     Clarity  +   (no boots)
Stlth    ++........             y - amulet of the Four Winds {rN+ Will+++ Clar}
HPRegen  0.18/turn              (no ring)
MPRegen  0.14/turn              (no ring)

@: no status effects
A: distributed training, fangs 1, strong nose
a: no special abilities


You were on level 5 of the Dungeon.
You visited 1 branch of the dungeon, and saw 5 of its levels.

You collected 158 gold pieces.

Inventory:

Hand Weapons
 a - a +0 flail (weapon)
 s - a +0 hunting sling
 C - a +0 mace
Missiles
 e - 3 boomerangs of dispersal
 g - 12 sling bullets
 k - 135 stones
 F - 3 boomerangs (quivered)
Armour
 b - a +0 leather armour (worn)
 f - a +0 chain mail
 x - a scarf of invisibility
 z - a +0 animal skin
 A - a +0 helmet (worn)
 G - a +0 cloak (worn)
Jewellery
 o - an uncursed ring of see invisible {unknown}
 y - the amulet of the Four Winds (around neck) {rN+ Will+++ Clar}
   (You found it on level 4 of the Dungeon)

   [amulet of nothing]

   It protects you from negative energy.
   It affects your willpower, your defense against some magical effects.
   It protects you against confusion.
 D - a cursed amulet of inaccuracy {unknown}
Scrolls
 j - a scroll of amnesia {unknown}
 l - a scroll of fog {unknown}
 m - 4 scrolls of teleportation
 r - a scroll of magic mapping
 u - a scroll of enchant weapon {unknown}
 w - a scroll of fear {unknown}
 B - a scroll of noise {unknown}
 E - 2 scrolls of remove curse
 S - 2 scrolls of enchant armour {unknown}
Potions
 c - 2 potions of curing
 d - a potion of haste {unknown}
 h - a potion of magic {unknown}
 i - 3 potions of attraction {unknown}
 n - a potion of degeneration {unknown}
 p - 4 potions of heal wounds
 q - 3 potions of cancellation {unknown}
 t - a potion of mutation {unknown}
 v - a potion of flight {unknown}


   Skills:
 + Level 5.2 Fighting
 + Level 2.4 Short Blades
 + Level 2.4 Long Blades
 + Level 2.4 Axes
 + Level 5.2 Maces & Flails
 + Level 2.4 Polearms
 + Level 2.4 Staves
 + Level 2.4 Slings
 + Level 2.4 Bows
 + Level 2.4 Crossbows
 + Level 3.5 Throwing
 + Level 3.5 Armour
 + Level 5.2 Dodging
 + Level 2.4 Stealth
 + Level 2.4 Shields
 + Level 2.4 Unarmed Combat
 + Level 5.6 Spellcasting
 + Level 2.0 Conjurations
 + Level 2.0 Hexes
 + Level 2.0 Summonings
 + Level 2.0 Necromancy
 + Level 5.8 Translocations
 + Level 2.0 Transmutations
 + Level 2.0 Fire Magic
 + Level 2.0 Ice Magic
 + Level 2.0 Air Magic
 + Level 2.0 Earth Magic
 + Level 2.0 Poison Magic
 + Level 2.6 Invocations
 + Level 2.4 Evocations


You had 8 spell levels left.
You knew the following spells:

 Your Spells              Type           Power        Failure   Level
a - Blink                 Tloc           N/A          2%          2
b - Teleport Other        Tloc           23%          4%          3
c - Passage of Golubria   Tloc           N/A          16%         4

Your spell library contained the following spells:

 Spells                   Type           Power        Failure   Level
 Gell's Gravitas          Tloc           11%          4%          3
 Lesser Beckoning         Tloc           11%          4%          3


Dungeon Overview and Level Annotations

Branches:
Dungeon (5/15)
 Temple: D:4-7

Altars:

Annotations:
D:5 Pikel


Innate Abilities, Weirdness & Mutations

Your experience applies equally to all skills.
You have very sharp teeth.
Your uncanny sense of smell can sniff out nearby items.


Message History

Pikel is moderately wounded.
Pikel hits you with a +0 whip of electrocution.
You are electrocuted!!
* * * LOW HITPOINT WARNING * * *
Casting: Blink (safe; 2% risk of failure)
Confirm with . or Enter, or press ? or * to list all spells.
You don't know that spell.
Casting: Blink (safe; 2% risk of failure)
Confirm with . or Enter, or press ? or * to list all spells.
You blink.
The lemure misses you.
Casting: Blink (safe; 2% risk of failure)
Confirm with . or Enter, or press ? or * to list all spells.
You blink.
Casting: Blink (safe; 2% risk of failure)
Confirm with . or Enter, or press ? or * to list all spells.
You blink.
The lemure closely misses you.
Casting: Blink (safe; 2% risk of failure)
Confirm with . or Enter, or press ? or * to list all spells.
You blink.
Pikel hits you but does no damage.
You are electrocuted!
You die...

### ##################.#
#.#.#.#.#.#.#.#.#..###########
.#.#.#.#.#[#.#.#.#...........#
#.###.###.###.###..#########.#
.#.#.#.#.#.#.#.#@### #.#
#.#.#.#.#.#.#.#.#K5### #.#
##################Z55# ##.##
#.#.# ##...# # ###
#.#.#####.###.# ##..#
#.#.§.....# .# ..... ∆
#.#######.# # ....# #(# ##..
##..# #h# #.#


You could see Pikel, 3 lemures and a bullfrog zombie.

Vanquished Creatures
  A bullfrog zombie (D:5)
  2 hounds
  2 orc priests
  2 worker ants (D:4)
  3 orc wizards
  Robin (D:3)
  5 gnolls
  5 adders
  A shadow imp (D:5)
  6 worms
  6 dart slugs
  4 leopard geckos
  14 orcs
  6 giant cockroaches
  18 goblins
  12 hobgoblins
  6 jackals
  A quokka (D:2)
  A ball python (D:3)
  A ball python skeleton (D:4)
  7 bats
  6 frilled lizards
  6 kobolds
  A quokka skeleton (D:4)
  7 rats
124 creatures vanquished.

Notes
Turn   | Place    | Note
-------+----------+-------------------------------------------
     0 | D:1      | Elvor the Gnoll Warper began the quest for the Orb.
     0 | D:1      | Reached XP level 1. HP: 20/20 MP: 6/6
   149 | D:1      | Reached XP level 2. HP: 26/26 MP: 7/7
   699 | D:2      | Reached XP level 3. HP: 26/31 MP: 9/9
   730 | D:2      | Reached skill level 5 in Spellcasting
  1060 | D:2      | Reached skill level 1 in Invocations
  1150 | D:2      | Reached skill level 1 in Short Blades
  1150 | D:2      | Reached skill level 1 in Long Blades
  1150 | D:2      | Reached skill level 1 in Axes
  1150 | D:2      | Reached skill level 1 in Polearms
  1150 | D:2      | Reached skill level 1 in Staves
  1150 | D:2      | Reached skill level 1 in Slings
  1150 | D:2      | Reached skill level 1 in Bows
  1150 | D:2      | Reached skill level 1 in Crossbows
  1150 | D:2      | Reached skill level 1 in Stealth
  1150 | D:2      | Reached skill level 1 in Shields
  1150 | D:2      | Reached skill level 1 in Unarmed Combat
  1150 | D:2      | Reached skill level 1 in Evocations
  1241 | D:2      | Learned a level 2 spell: Blink
  1245 | D:2      | Learned a level 3 spell: Teleport Other
  1266 | D:2      | Reached XP level 4. HP: 36/38 MP: 7/11
  1332 | D:2      | Learned a level 4 spell: Passage of Golubria
  1909 | D:3      | Reached skill level 1 in Conjurations
  1909 | D:3      | Reached skill level 1 in Hexes
  1909 | D:3      | Reached skill level 1 in Summonings
  1909 | D:3      | Reached skill level 1 in Necromancy
  1909 | D:3      | Reached skill level 1 in Transmutations
  1909 | D:3      | Reached skill level 1 in Fire Magic
  1909 | D:3      | Reached skill level 1 in Ice Magic
  1909 | D:3      | Reached skill level 1 in Air Magic
  1909 | D:3      | Reached skill level 1 in Earth Magic
  1909 | D:3      | Reached skill level 1 in Poison Magic
  2375 | D:3      | Reached XP level 5. HP: 31/43 MP: 12/12
  2633 | D:3      | Noticed Robin
  2955 | D:3      | Killed Robin
  3260 | D:4      | Found the amulet of the Four Winds {rN+ Will+++ Clar}
  3361 | D:4      | Reached XP level 6. HP: 38/50 MP: 13/13
  3895 | D:3      | Reached skill level 5 in Fighting
  3895 | D:3      | Reached skill level 5 in Maces & Flails
  3895 | D:3      | Reached skill level 5 in Dodging
  4720 | D:5      | Entered Level 5 of the Dungeon
  4750 | D:5      | Reached XP level 7. HP: 56/56 MP: 15/15
  5233 | D:5      | Noticed Pikel
  5250 | D:5      | Mangled by Pikel

Illustrated notes

Levels and vault maps discovered:
D:1:      dpeg_arrival_yet_another_circle, layout_basic, serial_rivers,
          chequers_serial_rivers_marsh, chequers_serial_rivers_micro_a,
          chequers_serial_rivers_marsh, chequers_serial_rivers_small_a
D:2:      minmay_door_path, layout_basic, chequers_jeans, grunt_decor_junction,
          minmay_box_of_dots
D:3:      layout_rooms, uniq_robin
D:4:      layout_loops_corners, minmay_distorted
D:5:      layout_loops_ring, roderic_roman_lattice, uniq_pikel

Skill      XL: |  1  2  3  4  5  6  7 |
---------------+----------------------+-----
Spellcasting   | 5 |  5.6
Invocations    | 1 2 |  2.6
Short Blades   | 1 2 |  2.4
Long Blades    | 1 2 |  2.4
Axes           | 1 2 |  2.4
Polearms       | 1 2 |  2.4
Staves         | 1 2 |  2.4
Slings         | 1 2 |  2.4
Bows           | 1 2 |  2.4
Crossbows      | 1 2 |  2.4
Stealth        | 1 2 |  2.4
Shields        | 1 2 |  2.4
Unarmed Combat | 1 2 |  2.4
Evocations     | 1 2 |  2.4
Conjurations   | 1 2 |  2.0
Hexes          | 1 2 |  2.0
Summonings     | 1 2 |  2.0
Necromancy     | 1 2 |  2.0
Transmutations | 1 2 |  2.0
Fire Magic     | 1 2 |  2.0
Ice Magic      | 1 2 |  2.0
Air Magic      | 1 2 |  2.0
Earth Magic    | 1 2 |  2.0
Poison Magic   | 1 2 |  2.0
Throwing       | 3 |  3.5
Armour         | 3 |  3.5
Fighting       | 5 |  5.2
Maces & Flails | 5 |  5.2
Dodging        | 5 |  5.2
Translocations | |  5.8

Action                   |  1- 3 |  4- 6 |  7- 9 || total
-------------------------+-------+-------+-------++-------
Melee: Mace              |   101 |   185 |       ||   286
       Bite              |     6 |    26 |    11 ||    43
       Flail             |       |    56 |    71 ||   127
       Punch             |       |       |     1 ||     1
 Fire: Hunting sling     |       |    74 |    14 ||    88
Throw: Stone             |    15 |   100 |       ||   115
       Boomerang         |     2 |       |       ||     2
 Cast: Teleport Other    |     1 |       |       ||     1
       Blink             |       |     3 |     6 ||     9
  Use: Scroll            |     1 |       |     4 ||     5
 Stab: Sleeping          |     2 |     1 |     1 ||     4
Armor: Leather armour    |    19 |    30 |    14 ||    63
Dodge: Dodged            |    68 |   161 |    60 ||   289
